 Dungeon Sprint DCSS version 0.17-a0-1248-g117de50 (webtiles) character file.

3376 Kidiri the Unseen (level 9, -11/53 HPs)
             Began as a Spriggan Assassin on June 5, 2015.
             Was a Follower of Dithmenos.
             Killed from afar by a crystal guardian (64 damage)
             ... with a crystal bolt
             ... in the Dungeon (Sprint II: "The Violet Keep of Menkaure").
             The game lasted 00:19:04 (1208 turns).

Kidiri the Unseen (Spriggan Assassin)               Turns: 1208, Time: 00:19:04

Health: -11/53     AC:  4    Str:  4    XL:     9   Next: 74%
Magic:  14/14      EV: 32    Int: 13    God:    Dithmenos [*.....]
Gold:   142        SH:  0    Dex: 20    Spells: 0 memorised, 8 levels left

rFire  . . .     SeeInvis +     e - +0 arbalest
rCold  x . .     Clarity  .     i - +1 robe of Ydghe {+Blink rC- Slay+2 Stlth-}
rNeg   . . .     SustAt   .     (shield restricted)
rPois  .         Gourm    .     j - +0 hat of Puxaoje {+Inv rElec Str-3}
rElec  +         Spirit   .     d - +0 cloak
rCorr  .         Warding  .     (gloves unavailable)
rMut   .         NoTele   +     (boots unavailable)
MR     +....                    (no amulet)
Stlth  ++++++++..               (no ring)
                                (no ring)

@: very slightly contaminated, wreathed by umbra, very quick, somewhat resistant
to hostile enchantments, extraordinarily stealthy
A: unfitting armour, see invisible, herbivore 3, speed 3, slow metabolism 2,
subdued magic 1
a: Renounce Religion, Evoke Blink, Evoke Invisibility


You were in the Dungeon.
You worshipped Dithmenos.
Dithmenos was aware of your devotion.
You were hungry.

You visited 1 branch You collected 1053 gold pieces.
You spent 911 gold pieces at shops.

Inventory:

Hand weapons
 a - a +3 dagger
 b - a +5 blowgun of evasion
 e - a +0 arbalest (weapon)
Missiles
 l - 10 bolts (quivered)
 n - a curare-tipped needle
 r - 6 poisoned needles
Armour
 c - a +0 robe
 d - a +0 cloak (worn)
 i - the +1 robe of Ydghe (worn) {+Blink rC- Slay+2 Stlth-}
   (You bought it in a shop in the Dungeon)

   It affects your accuracy and damage with ranged weapons and melee attacks
   (+2).
   It makes you vulnerable to cold.
   It lets you blink.
   It makes you less stealthy.
 j - the +0 hat of Puxaoje (worn) {+Inv rElec Str-3}
   (You bought it in a shop in the Dungeon)

   It affects your strength (-3).
   It insulates you from electricity.
   It lets you turn invisible.
Scrolls
 f - a scroll of fog
 m - 2 scrolls of blinking
 t - a scroll of identify
Potions
 h - 3 potions of curing
 k - 2 potions of magic
 o - a potion of heal wounds
 p - a potion of might
 q - a potion of agility
Comestibles
 g - a bread ration


   Skills:
 * Level 9.1 Fighting
 * Level 11.6 Short Blades
 * Level 0.0 Crossbows
 + Level 8.4 Throwing
 * Level 14.3 Dodging
 * Level 16.1 Stealth
 + Level 6.1 Evocations


You had 8 spell levels left.
You didn't know any spells.

Dungeon Overview and Level Annotations

Branches:
Dungeon (1/1)

Altars:
Cheibriados
Dithmenos
Elyvilon
Fedhas
Gozag
Kikubaaqudgha
Makhleb
Nemelex Xobeh
Okawaru
Qazlal
Ru
Sif Muna
Trog
Vehumet
Xom
Yredelemnul
Zin
The Shining One
Beogh
Jiyva
Lugonu

Shops:
D !:?=:!=:[(!%=[}%

Annotations:
D exclusions: oklob plant and orange crystal statue


Innate Abilities, Weirdness & Mutations

You are tiny and cannot use many weapons and most armour.
You have supernaturally acute eyesight.
You are a herbivore.
You cover ground extremely quickly.
You need consume almost no food.
Your spells are a little easier to cast, but a little less powerful.


Message History

The crystal bolt misses you.
There is an open door, spattered with blood here.
You see here a yaktaur skeleton.
There's something blocking the doorway.
There is an open door, spattered with blood here.
You see here a yaktaur skeleton.
There are no objects that can be picked up here. a yaktaur skeleton You aren't carrying any items that can be evoked.
Unknown command.
You flicker back into view.
Firing (i - inventory):
l - 11 bolts (quivered)
Press: ? - help, Shift-Dir - straight line, f/p - crystal guardian
Aim: a crystal guardian You shoot a bolt.
The bolt hits the crystal guardian but does no damage.
The crystal guardian fires a crystalline bolt at you.
The crystal bolt freezes you!
You feel a terrible chill!
Ouch! That really hurt!
You die...

#.%.#..# #..#..#▓!([%?$$(▓
'##.'.§####.^##.#▓[[[)[[(!
#.###....###...##▓▓▓▓▓▓▓+▓▓
##.##≈§.§..≈≈≈≈≈≈≈≈≈≈≈≈≈..
####≈≈..§§.≈#(########+###
.#≈≈≈§≈§≈..≈#.8._._.(#≈≈≈##
##≈≈≈§§§≈≈.≈#.._._._(#≈≈≈≈##
#≈≈≈§≈§§§§≈≈#._._._..#§≈§≈≈#
≈≈≈≈§≈§§§§§§#_._@_.⌠.#§§§§§≈
++#≈§§≈≈≈§≈§#._._._.(#§§§§§≈
§ ##§§≈###§§#_._._.(.#§§§§≈t
§§. §§# #§§#._._....#§≈§§≈≈
.§.§+ ≈# #≈≈#_._.....#§≈§≈▓▓
§.§## §≈≈≈≈##########§§§≈▓z
§.## ######≈≈≈≈≈≈≈≈≈§§≈§▓z
### ≈§≈§###≈########≈▓▓▓▓▓
§§§≈≈##≈# ▓▓


You could see a crystal guardian.

Vanquished Creatures
  A kraken (D)
  A siren (D)
  A yaktaur (D)
  3 polar bears (D)
  Menkaure (D)
  A swamp drake (D)
  4 necrophages (D)
  A wasp (D)
  4 worker ants (D)
  3 worms (D)
20 creatures vanquished.

Notes
Turn   | Place    | Note
--------------------------------------------------------------
     0 | D        | Kidiri the Spriggan Assassin began the quest for the Orb.
     0 | D        | Reached XP level 1. HP: 10/10 MP: 2/2
     1 | D        | Noticed a necrophage
     1 | D        | Noticed a necrophage
     1 | D        | Noticed a necrophage
     1 | D        | Noticed a necrophage
     9 | D        | Killed a necrophage
     9 | D        | Reached skill level 5 in Dodging
     9 | D        | Reached skill level 8 in Stealth
     9 | D        | Reached XP level 2. HP: 16/16 MP: 3/3
     9 | D        | Reached XP level 3. HP: 20/20 MP: 4/4
     9 | D        | Reached XP level 4. HP: 24/24 MP: 5/5
    13 | D        | Killed a necrophage
    13 | D        | Reached skill level 5 in Short Blades
    13 | D        | Reached skill level 9 in Stealth
    13 | D        | Reached XP level 5. HP: 25/30 MP: 6/6
    25 | D        | Killed a necrophage
    25 | D        | Reached skill level 5 in Fighting
    25 | D        | Reached skill level 10 in Stealth
    38 | D        | Killed a necrophage
    38 | D        | Reached skill level 5 in Throwing
    38 | D        | Reached skill level 11 in Stealth
    38 | D        | Reached XP level 6. HP: 33/35 MP: 7/7
    78 | D        | Noticed a worker ant
    78 | D        | Noticed a worker ant
    80 | D        | Noticed a worker ant
    80 | D        | Noticed a worker ant
    81 | D        | Killed a worker ant
    82 | D        | Killed a worker ant
    96 | D        | Killed a worker ant
    97 | D        | Killed a worker ant
   140 | D        | Noticed a siren
   143 | D        | Killed a siren
   143 | D        | Reached skill level 13 in Stealth
   143 | D        | Reached XP level 7. HP: 39/41 MP: 8/8
   160 | D        | Noticed an ice statue
   166 | D        | Found Reuprare's Food Emporium.
   167 | D        | Found Kuiro's Antique Armour Emporium.
   167 | D        | Found Vyplome's Jewellery Shoppe.
   168 | D        | Found Ukhig's Distillery.
   168 | D        | Found Gioren's Antique Weapon Shoppe.
   169 | D        | Noticed a vampire mosquito
   200 | D        | Found Gafogan's Gadget Shoppe.
   200 | D        | Found Duefamom's Antique Armour Emporium.
   200 | D        | Found Homizog's Food Emporium.
   200 | D        | Found Aczies's Book Shoppe.
   231 | D        | Found Hiucsuuf's Jewellery Emporium.
   231 | D        | Found Ytot's Distillery.
   231 | D        | Found Kin Jef's Book Shoppe.
   231 | D        | Noticed a soldier ant
   232 | D        | Noticed a soldier ant
   233 | D        | Found Kavuisao's Jewellery Shoppe.
   233 | D        | Found Yxzalyg's Magic Scroll Emporium.
   233 | D        | Noticed Menkaure
   233 | D        | Noticed a soldier ant
   233 | D        | Noticed an oklob plant
   474 | D        | Noticed an orange crystal statue
   479 | D        | Killed Menkaure
   504 | D        | Found Zuumoghi's Distillery.
   504 | D        | Found Mudo's Book Shoppe.
   517 | D        | Bought a scroll of fog for 20 gold pieces
   517 | D        | Bought a scroll of blinking for 75 gold pieces
   523 | D        | Bought a shadowed robe for 131 gold pieces
   523 | D        | Bought an ichor-stained hat for 207 gold pieces
   533 | D        | Identified the +1 robe of Ydghe {+Blink rC- Slay+2 Stlth-} (You bought it in a shop in the Dungeon)
   538 | D        | Identified the +0 hat of Puxaoje {+Inv rElec Str-3} (You bought it in a shop in the Dungeon)
   543 | D        | Noticed a fire dragon
   544 | D        | Bought a glowing blowgun for 60 gold pieces
   544 | D        | Bought a glowing dagger for 48 gold pieces
   546 | D        | Noticed a slime creature
   549 | D        | Bought a potion of heal wounds for 50 gold pieces
   549 | D        | Bought a potion of curing for 30 gold pieces
   549 | D        | Bought a potion of might for 40 gold pieces
   549 | D        | Bought a potion of curing for 30 gold pieces
   549 | D        | Bought a potion of curing for 30 gold pieces
   549 | D        | Bought a potion of agility for 40 gold pieces
   549 | D        | Bought a potion of mutation for 25 gold pieces
   549 | D        | Gained mutation: Your spells are a little easier to cast, but a little less powerful. [potion of mutation]
   549 | D        | Gained mutation: Your mind is acute. (Int +2) [potion of mutation]
   549 | D        | Lost mutation: Your mind is acute. (Int +2) [potion of mutation]
   550 | D        | Noticed a slime creature
   550 | D        | Noticed a slime creature
   553 | D        | Noticed an electric eel
   564 | D        | Bought a scroll of remove curse for 30 gold pieces
   564 | D        | Bought a scroll of enchant weapon for 75 gold pieces
   564 | D        | Bought a scroll of identify for 20 gold pieces
   614 | D        | Noticed a kraken
   668 | D        | Found a sacrificial altar of Ru.
   671 | D        | Found an iron altar of Okawaru.
   675 | D        | Killed a kraken
   675 | D        | Reached skill level 15 in Stealth
   675 | D        | Reached XP level 8. HP: 45/48 MP: 7/12
   675 | D        | Reached XP level 9. HP: 48/52 MP: 7/13
   677 | D        | Found a sparkling altar of Nemelex Xobeh.
   677 | D        | Found an opulent altar of Gozag.
   678 | D        | Found a burning altar of Makhleb.
   678 | D        | Found a basalt altar of Yredelemnul.
   679 | D        | Found a shadowy altar of Dithmenos.
   680 | D        | Found a bloodstained altar of Trog.
   680 | D        | Found a roughly hewn altar of Beogh.
   680 | D        | Found a white marble altar of Elyvilon.
   680 | D        | Found a stormy altar of Qazlal.
   680 | D        | Found a blossoming altar of Fedhas.
   681 | D        | Found a snail-covered altar of Cheibriados.
   681 | D        | Found a shimmering altar of Xom.
   681 | D        | Found a glowing golden altar of the Shining One.
   682 | D        | Found a deep blue altar of Sif Muna.
   682 | D        | Found a corrupted altar of Lugonu.
   682 | D        | Found a radiant altar of Vehumet.
   683 | D        | Found a viscous altar of Jiyva.
   685 | D        | Noticed a wasp
   685 | D        | Noticed a polar bear
   686 | D        | Found a glowing silver altar of Zin.
   686 | D        | Found an ancient bone altar of Kikubaaqudgha.
   686 | D        | Noticed a yaktaur
   687 | D        | Noticed a polar bear
   691 | D        | Noticed a lava snake
   693 | D        | Became a worshipper of Dithmenos the Shadowed
   698 | D        | Noticed a crocodile
   700 | D        | Noticed a crocodile
   700 | D        | Noticed a flying skull
   700 | D        | Noticed a flying skull
   701 | D        | Noticed a crocodile
   717 | D        | Noticed a polar bear
   723 | D        | Killed a yaktaur
   723 | D        | Reached skill level 5 in Evocations
   729 | D        | Killed a wasp
   748 | D        | Noticed a lava snake
   998 | D        | Killed a polar bear
  1018 | D        | Killed a polar bear
  1018 | D        | Reached skill level 16 in Stealth
  1023 | D        | Killed a polar bear
  1035 | D        | Noticed a swamp drake
  1036 | D        | Noticed a death drake
  1191 | D        | Killed a swamp drake
  1192 | D        | Noticed a crystal guardian
  1192 | D        | Noticed a swamp drake
  1194 | D        | Noticed a death drake
  1208 | D        | Killed from afar by a crystal guardian

Vault maps used:
D:        the_violet_keep_of_menkaure

Action                   |  1- 3 |  4- 6 |  7- 9 || total
-------------------------+-------+-------+-------++-------
Melee: Dagger            |     6 |    38 |    25 ||    69
 Fire: Blowgun           |       |     6 |    17 ||    23
       Arbalest          |       |       |     2 ||     2
 Abil: Evoke Invisibilit |       |       |     3 ||     3
  Use: Potion            |     1 |     1 |     3 ||     5
       Scroll            |       |       |     2 ||     2
 Stab: Sleeping          |       |     6 |     1 ||     7
       Invisible         |       |       |     8 ||     8
